 Dungeon Crawl Stone Soup version 0.27.1-33-g824d729ab1 (webtiles) character file.

Game seed: 4646927819540975236

329 lonewolfV2 the Chopper (level 6, -10/47 HPs)
             Began as a Demonspawn Gladiator on Dec 16, 2021.
             Engulfed by a cloud of flame (22 damage)
             ... on level 4 of the Dungeon.
             The game lasted 00:06:14 (3110 turns).

lonewolfV2 the Chopper (Demonspawn Gladiator)       Turns: 3110, Time: 00:06:14

Health: -10/47     AC:  9    Str: 16    XL:     6   Next: 25%
Magic:  6/6        EV: 13    Int:  9    God:
Gold:   155        SH:  0    Dex: 15    Spells: 5/5 levels left

rFire    . . .     SeeInvis .   o - +4 whip
rCold    . . .     Faith    .   (no shield)
rNeg     . . .     Spirit   .   b - +0 leather armour
rPois    .         Reflect  .   c - +1 helmet
rElec    .         Harm     .   (no cloak)
rCorr    .         Rampage  .   (no gloves)
Will     .....                  (no boots)
Stlth    ++........             (no amulet)
HPRegen  0.15/turn              h - +4 ring of protection
MPRegen  0.10/turn              (no ring)

@: no status effects
A: demonic guardian 1, spiny 2
a: no special abilities


You were on level 4 of the Dungeon.
You visited 1 branch of the dungeon, and saw 4 of its levels.

You collected 155 gold pieces.

Inventory:

Hand Weapons
 a - a +1 war axe
 o - a +4 whip (weapon)
Missiles
 d - 3 throwing nets
Armour
 b - a +0 leather armour (worn)
 c - a +1 helmet (worn)
Jewellery
 h - a +4 ring of protection (left hand)
Wands
 q - a wand of iceblast (8) (quivered)
Scrolls
 f - 2 scrolls of magic mapping
 g - 3 scrolls of enchant armour
 i - a scroll of teleportation
 j - a scroll of enchant weapon
Potions
 e - a potion of cancellation {unknown}
 k - 2 potions of lignification {unknown}
 l - a potion of haste {unknown}
 m - a potion of curing {unknown}
 n - a potion of berserk rage {unknown}


   Skills:
 + Level 3.1 Fighting
 + Level 4.4 Axes
 + Level 0.1(2.6) Maces & Flails
 + Level 1.9 Throwing
 + Level 2.1 Armour
 + Level 3.5 Dodging
 + Level 1.9 Stealth


You had 5 spell levels left.
You didn't know any spells.
Your spell library contained the following spells:

 Spells                   Type           Power      Damage    Failure   Level
 Animate Dead             Necr           0%         N/A       99%         4
 Haunt                    Necr/Summ      0%         N/A       100%        7
 Infestation              Necr           0%         N/A       100%        8


Dungeon Overview and Level Annotations

Branches:
Dungeon (4/15)
 Temple: D:4-7

Altars:
Hepliaklqana


Innate Abilities, Weirdness & Mutations

A weak demonic guardian rushes to your aid.
You are mostly covered in sharp spines.


Message History

You hit the hobgoblin.
You kill the hobgoblin!
Found a stone staircase leading up.
A giant cockroach comes into view.
A goblin comes into view. It is wielding a +0 club.
The goblin shouts!
You hit the giant cockroach but do no damage.
The giant cockroach bites you but does no damage.
You closely miss the giant cockroach. The giant cockroach closely misses you.
You barely miss the giant cockroach.
The giant cockroach is struck by your spines.
The giant cockroach misses you.
The giant cockroach is struck by your spines.
You kill the giant cockroach!
You see here a giant cockroach corpse.
Hit: o) +4 whip
Press: ? - help, Dir - move target, f - goblin
Aim: a goblin, wielding a +0 club (about 41% to evade your +4 whip)
Your weapon can't reach that far!
Okay, then.
You whack the goblin!
You kill the goblin!
You see here a +0 club.
Found 22 sling bullets.
You see here 22 sling bullets.
Found a scroll labelled SASMOA BERHUF.
p - a scroll labelled SASMOA BERHUF A goblin comes into view.
It is wielding a +0 dagger of holy wrath.
As you read the scroll labelled SASMOA BERHUF, it crumbles to dust.
The creatures around you are filled with an inner flame!
It was a scroll of immolation.
A hobgoblin comes into view.
The hobgoblin shouts!
Found a metallic silvery potion.
You hit the goblin.
The goblin explodes!
The fiery explosion engulfs you!!
You are engulfed in blazing flames.
* * * LOW HITPOINT WARNING * * *
You are engulfed in blazing flames.
You die...

#..####
##.....#
##......##
#........#
#........#
#......###
#.....##
##..§§###
#...§@§.#
#....##§§...#
#...##
##g.....# ...
......# ..
......# #
.......
.......
.....!.


You could see a hobgoblin.

Vanquished Creatures
  2 ogres
  A water moccasin skeleton (D:3)
  A centaur skeleton (D:4)
  2 adders
  A dart slug (D:3)
  A worm (D:2)
  An orc (D:4)
  6 bats
  7 endoplasms
  4 giant cockroaches
  7 goblins
  7 hobgoblins
  4 kobolds
  2 quokkas
  7 ball pythons
  4 frilled lizards
  9 rats
66 creatures vanquished.

Notes
Turn   | Place    | Note
-------+----------+-------------------------------------------
     0 | D:1      | lonewolfV2 the Demonspawn Gladiator began the quest for the
                  | Orb.
     0 | D:1      | Reached XP level 1. HP: 16/16 MP: 1/1
   111 | D:1      | Gained mutation: You are partially covered in sharp spines.
                  | [demonic ancestry]
   111 | D:1      | Reached XP level 2. HP: 12/22 MP: 2/2
   984 | D:1      | Found a faded altar of an unknown god.
  1176 | D:2      | Reached skill level 3 in Axes
  1176 | D:2      | Gained mutation: You are mostly covered in sharp spines.
                  | [demonic ancestry]
  1176 | D:2      | Reached XP level 3. HP: 26/28 MP: 3/3
  2103 | D:3      | Noticed an ogre
  2110 | D:3      | Killed an ogre
  2111 | D:3      | Reached skill level 1 in Armour
  2111 | D:3      | Reached skill level 1 in Stealth
  2111 | D:3      | Reached XP level 4. HP: 34/34 MP: 4/4
  2111 | D:3      | Gained mutation: A weak demonic guardian rushes to your
                  | aid. [demonic ancestry]
  2111 | D:3      | Reached XP level 5. HP: 40/40 MP: 5/5
  2214 | D:3      | Found a hazy altar of Hepliaklqana.
  2321 | D:3      | Reached skill level 4 in Axes
  2978 | D:4      | Noticed an ogre
  2989 | D:4      | Killed an ogre
  2990 | D:4      | Reached XP level 6. HP: 47/47 MP: 6/6
  3110 | D:4      | Engulfed by a cloud of flame

Illustrated notes

Levels and vault maps discovered:
D:1:      ncdulo_smallfort, layout_basic,
          shapermc_ecumenical_altar_mp_highgroup, nrook_campfire
D:2:      layout_loops_ring, minmay_rat_gold_closets
D:3:      layout_basic, marbit_many_paths, solitary_fountain
D:4:      layout_cave_pods

Skill      XL: |  1  2  3  4  5 |
---------------+----------------+-----
Dodging        | 3 |  3.5
Axes           | 3 4 |  4.4
Armour         | 1 2 |  2.1
Stealth        | 1 |  1.9
Fighting       | 3 |  3.1
Maces & Flails | |  0.1
Throwing       | |  1.9

Action                   |  1- 3 |  4- 6 || total
-------------------------+-------+-------++-------
Melee: War axe           |    68 |    10 ||    78
       Whip              |       |    19 ||    19
  Use: Scroll            |     6 |     2 ||     8
 Stab: Sleeping          |     2 |       ||     2
Armor: Leather armour    |    21 |     9 ||    30
Dodge: Dodged            |    60 |    20 ||    80
